 Dungeon Crawl Stone Soup version 0.23-a0-519-ga799fc4 (webtiles) character file.

424 dinkinflicka the Sneak (level 6, 0/42 HPs)
             Began as an Octopode Wanderer on Dec 6, 2018.
             Shot with an arrow by a centaur (14 damage)
             ... on level 4 of the Dungeon.
             The game lasted 00:09:51 (3848 turns).

dinkinflicka the Sneak (Octopode Wanderer)          Turns: 3848, Time: 00:09:52

Health: 0/42       AC:  1    Str:  9    XL:     6   Next: 96%
Magic:  2/10       EV: 15    Int: 14    God:
Gold:   147        SH:  0    Dex: 16    Spells: 4/11 levels left

rFire    . . .     SeeInvis .   C - +0 short sword
rCold    . . .     Gourm    .   (no shield)
rNeg     . . .     Faith    .   (helmet restricted)
rPois    +         Spirit   .   (no amulet)
rElec    .         Reflect  .   c - ring of protection from magic
rCorr    .         Harm     .   i - ring of poison resistance (curse)
MR       +....                  (no ring)
Stlth    ++++......             (no ring)
HPRegen  0.14/turn              (no ring)
MPRegen  0.12/turn              (no ring)
                                (no ring)
                                (no ring)

@: very slightly contaminated
A: almost no armour, stealthy swim, amphibious, 8 rings, constrict 8, camouflage
1, gelatinous body 1
a: no special abilities


You were on level 4 of the Dungeon.
You were near starving.

You visited 1 branch of the dungeon, and saw 4 of its levels.

You collected 147 gold pieces.

Inventory:

Hand Weapons
 d - a +0 dagger
 u - a +0 flail
 z - a +0 long sword
 C - a +0 short sword (weapon)
Missiles
 h - 19 sling bullets
 s - 51 arrows
 y - 10 poisoned needles
 A - 41 stones (quivered)
Jewellery
 c - a ring of protection from magic (left tentacle)
 i - a cursed ring of poison resistance (right tentacle)
Wands
 o - a wand of iceblast (6)
Scrolls
 e - a scroll of noise {unknown}
 g - a scroll of enchant weapon {unknown}
 l - a scroll of magic mapping {unknown}
 m - a scroll of fear
 n - 2 scrolls of immolation {unknown}
 r - a scroll of teleportation {unknown}
 w - a scroll of remove curse {unknown}
 x - a scroll of identify {@r1}
 B - a scroll of random uselessness {unknown}
 E - a scroll of fog {unknown}
Potions
 b - a potion of cancellation {unknown}
 j - a potion of resistance
 k - 2 potions of heal wounds
 p - 2 potions of brilliance
 q - a potion of ambrosia
 t - a potion of berserk rage {unknown}
 v - a potion of magic {unknown}
Miscellaneous
 a - a lamp of fire (inert)
Comestibles
 f - 6 rations
 D - a chunk of flesh


   Skills:
 + Level 3.0 Fighting
 - Level 2.0 Short Blades
 * Level 4.0 Dodging
 - Level 4.0 Stealth
 - Level 3.0 Spellcasting
 - Level 2.0 Conjurations
 - Level 1.0 Ice Magic
 + Level 3.0 Earth Magic
 - Level 1.1 Evocations


You had 4 spell levels left.
You knew the following spells:

 Your Spells              Type           Power        Failure   Level  Hunger
a - Sandblast             Erth           ##....       6%          1    #......
b - Stone Arrow           Conj/Erth      #.....       22%         3    ###....
c - Throw Frost           Conj/Ice       #.....       17%         2    ##.....
d - Confusing Touch       Hex            #.....       22%         1    #......

Your spell library contained the following spells:

 Spells                   Type           Power        Failure   Level  Hunger
 Ensorcelled Hibernation  Hex/Ice        #.....       26%         2    ##.....
 Confuse                  Hex            #.......     54%         3    ###....
 Gell's Gravitas          Tloc           #.........   54%         3    ###....
 Petrify                  Tmut/Erth      #.......     75%         4    #####..
 Metabolic Englaciation   Hex/Ice        #.........   99%         5    ######.
 Yara's Violent Unravell  Hex/Tmut       #.........   99%         5    ######.


Dungeon Overview and Level Annotations

Branches:
Dungeon (4/15)
 Temple: D:4-7

Altars:
Cheibriados


Innate Abilities, Weirdness & Mutations

You cannot wear most types of armour.
You are very stealthy in the water. (Stealth+)
You are amphibious.
You can wear up to eight rings at the same time.
You can use your tentacles to constrict eight enemies at once.
Your skin changes colour to match your surroundings (Stealth+).
Your rubbery body absorbs attacks. (AC +1, EV +1)


Message History

Aim: a worker ant (moderately wounded)
The blast of sand hits the worker ant.
A - 41 stones The worker ant misses you.
You hit the worker ant. You grab the worker ant. You squeeze the worker ant.
You kill the worker ant!
Your Fighting skill increases to level 3!
Your Dodging skill increases to level 4!
You see here a worker ant corpse.
You butcher the worker ant corpse.
D - a chunk of flesh A jelly comes into view.
Eat a chunk of flesh? (ye/n/q)
Okay, then.
E - a scroll labeled YLUNASANYA A centaur comes into view.
The centaur wields a cursed -1 shortbow.
The centaur shoots an arrow.
The arrow hits you.
The centaur shoots an arrow.
The arrow hits you!
You die...

.# #.......J##......
....###.).(...(#
####.
#..............##
#..###)......c..%.
##...##.##?..##.###
...#..#.#..####.#
#.....#...## #.#
#...$....######.####
..##..#......#..@..#
#..#..###.......#
##...## ###....(#
#.### #.....# ##
#######


You could see a centaur.

Vanquished Creatures
  2 ogres (D:4)
  A howler monkey (D:3)
  A crimson imp (D:4)
  3 worker ants (D:4)
  3 adders
  2 worms
  A dart slug (D:1)
  2 leopard geckos
  6 orcs
  7 bats
  2 giant cockroaches (D:3)
  5 goblins
  2 hobgoblins (D:1)
  14 jackals
  A quokka (D:2)
  2 ball pythons
  5 frilled lizards
  3 kobolds
  7 rats
69 creatures vanquished.

Notes
Turn   | Place    | Note
-------+----------+-------------------------------------------
     0 | D:1      | dinkinflicka the Octopode Wanderer began the quest for the
                  | Orb.
     0 | D:1      | dinkinflicka set off with the following items: a lamp of
                  | fire, a +0 dagger, a ration; and the following spell
                  | memorised: Sandblast; and the following spells available to
                  | memorise: Ensorcelled Hibernation, Throw Frost, Stone Arrow
     0 | D:1      | Reached XP level 1. HP: 13/13 MP: 4/4
   335 | D:1      | Reached skill level 1 in Dodging
   335 | D:1      | Reached XP level 2. HP: 18/18 MP: 6/6
  1080 | D:2      | Reached XP level 3. HP: 23/23 MP: 7/7
  1089 | D:2      | Learned a level 3 spell: Stone Arrow
  1268 | D:2      | Learned a level 2 spell: Throw Frost
  2147 | D:3      | Reached XP level 4. HP: 27/29 MP: 8/8
  2392 | D:3      | Found a snail-covered altar of Cheibriados.
  2916 | D:3      | Learned a level 1 spell: Confusing Touch
  2922 | D:4      | Noticed an ogre
  3094 | D:4      | Noticed an ogre
  3099 | D:4      | Killed an ogre
  3099 | D:4      | Reached skill level 1 in Short Blades
  3099 | D:4      | Reached skill level 1 in Conjurations
  3099 | D:4      | Reached XP level 5. HP: 35/35 MP: 0/9
  3300 | D:3      | Reached XP level 6. HP: 5/41 MP: 2/10
  3848 | D:4      | Shot with an arrow by a centaur

Vault maps used:
D:1:      minmay_arrival_radiant_lines, ebering_dispersal_statue_hall
D:2:      minmay_quadrilaterals
D:3:      old_standard_altar, serial_glass, glass_columns_b, glass_columns_b,
          glass_columns_c, glass_columns_a, glass_columns_a, glass_columns_b,
          glass_columns_a, glass_columns_b, glass_columns_a, glass_columns_a,
          glass_columns_a, glass_columns_a, glass_columns_c, glass_columns_a,
          columned_hall_lemuel
D:4:      first_ration, minmay_manual_mares

Skill      XL: |  1  2  3  4  5  6 |
---------------+-------------------+-----
Dodging        | 1 2 3 4 |  4.0
Earth Magic    | 2 3 |  3.0
Fighting       | 2 3 |  3.0
Short Blades   | 1 2 |  2.0
Conjurations   | 1 2 |  2.0
Stealth        | |  4.0
Spellcasting   | |  3.0
Ice Magic      | |  1.0
Evocations     | |  1.1

Action                   |  1- 3 |  4- 6 || total
-------------------------+-------+-------++-------
Melee: Dagger            |    93 |    48 ||   141
       Constrict         |    22 |    19 ||    41
       Tentacles         |    21 |    15 ||    36
       Short sword       |       |    24 ||    24
 Cast: Stone Arrow       |     1 |    14 ||    15
       Sandblast         |     1 |    10 ||    11
Evoke: Wand              |       |     1 ||     1
       Lamp of fire      |       |     1 ||     1
  Use: Scroll            |     4 |     1 ||     5
       Potion            |       |     1 ||     1
 Stab: Sleeping          |    11 |     3 ||    14
       Distracted        |       |     2 ||     2
  Eat: Chunk             |     4 |     6 ||    10
Armor: Skin              |    14 |     6 ||    20
Dodge: Dodged            |    70 |    79 ||   149

Table legend:
 A = Non-vault XP
 B = Vault XP
 C = Vault XP percentage of total XP
 D = Non-vault monster count
 E = Vault monster count
 F = Vault count percentage of total count
                 A         B        C        D         E       F
            +---------+---------+-------+---------+---------+-------
      Total |     584 |      22 |   3.6 |      62 |       7 |  10.1
            +---------+---------+-------+---------+---------+-------
        D:1 |      15 |       0 |   0.0 |       8 |       0 |   0.0
        D:2 |      30 |      22 |  42.3 |      16 |       7 |  30.4
        D:3 |     137 |       0 |   0.0 |      28 |       0 |   0.0
        D:4 |     402 |       0 |   0.0 |      10 |       0 |   0.0
            +---------+---------+-------+---------+---------+-------
